 Dungeon Crawl Stone Soup version 0.28-a0-440-ge3cd3e9c68 (webtiles) character file.

Game seed: 14686005322495403199

390 gruber the Conjurer (level 6, -5/36 HPs)
             Began as an Octopode Conjurer on Sept 11, 2021.
             Slain by Edmund (13 damage)
             ... on level 4 of the Dungeon.
             The game lasted 00:03:32 (4314 turns).

gruber the Conjurer (Octopode Conjurer)             Turns: 4314, Time: 00:03:33

Health: -5/36      AC:  1    Str:  6    XL:     6   Next: 80%
Magic:  1/9        EV: 13    Int: 22    God:
Gold:   157        SH:  0    Dex: 11    Spells: 3/9 levels left

rFire   . . .      SeeInvis .   b - staff of conjuration
rCold   . . .      Faith    .   (no shield)
rNeg    . . .      Spirit   .   (helmet restricted)
rPois   .          Reflect  .   (no amulet)
rElec   .          Harm     .   (no ring)
rCorr   .          Rampage  .   (no ring)
Will    .....                   (no ring)
Stlth   +++.......              (no ring)
HPRegen 0.12/turn               (no ring)
MPRegen 0.11/turn               (no ring)
                                (no ring)
                                (no ring)

@: attractive
A: almost no armour, amphibious, 8 rings, camouflage 1, gelatinous body 1,
(nimble swimmer 1), tentacles
a: no special abilities


You were on level 4 of the Dungeon.
You visited 1 branch of the dungeon, and saw 4 of its levels.

You collected 157 gold pieces.

Inventory:

Missiles
 h - 18 poisoned darts
Magical Staves
 b - a staff of conjuration (weapon)
Jewellery
 k - a ring of poison resistance
Wands
 n - a wand of digging (4)
 p - a wand of flame (16)
Scrolls
 a - 4 scrolls of identify {unknown}
 c - a scroll of blinking {unknown}
 f - a scroll of fog {unknown}
 g - a scroll of teleportation {unknown}
 l - a scroll of holy word {unknown}
 q - a scroll of immolation {unknown}
Potions
 d - a potion of attraction
 e - 3 potions of flight {unknown}
 i - a potion of heal wounds {unknown}
 j - a potion of lignification {unknown}
 m - a potion of might {unknown}
 o - a potion of curing {unknown}


   Skills:
 - Level 2.0 Dodging
 - Level 2.6 Stealth
 - Level 2.0 Spellcasting
 + Level 7.9 Conjurations


You had 3 spell levels left.
You knew the following spells:

 Your Spells              Type           Power      Damage    Failure   Level
a - Magic Dart            Conj           100%       1d8       1%          1
b - Searing Ray           Conj           100%       2d8       1%          2
c - Dazzling Flash        Conj/Hex       58%        N/A       9%          3

Your spell library contained the following spells:

 Spells                   Type           Power      Damage    Failure   Level
 Apportation              Tloc           4%         N/A       14%         1
 Fulminant Prism          Conj/Hex       14%        3d9       26%         4
 Iskenderun's Mystic Bla  Conj/Tloc      29%        2d7       26%         4
 Alistair's Intoxication  Tmut/Pois      1%         N/A       98%         5
 Invisibility             Hex            1%         N/A       100%        6


Dungeon Overview and Level Annotations

Branches:
Dungeon (4/15)
 Temple: D:4-7

Altars:
Hepliaklqana
The Shining One

Shops:
D:1 =

Annotations:
D:4 2 runed translucent doors, Edmund


Innate Abilities, Weirdness & Mutations

You cannot wear most types of armour.
You are amphibious.
You can wear up to eight rings at the same time.
Your skin changes colour to match your surroundings (Stealth+).
Your rubbery body absorbs attacks. (AC +1, EV +1)
((You are camouflaged near water. (Stealth+)))
You have tentacles for arms and can constrict up to eight enemies at once.


Message History

Edmund is nearby!
Edmund is nearby!
You feel a surge of power!
The magic dart hits Edmund.
Edmund is lightly wounded.
Edmund shouts!
You feel a surge of power!
The magic dart hits Edmund.
Edmund is lightly wounded.
You feel a surge of power!
The magic dart hits Edmund.
Edmund is moderately wounded.
Casting: Magic Dart (safe; 1% risk of failure)
Confirm with . or Enter, or press ? or * to list all spells.
Aiming: Searing Ray (safe; 1% risk of failure)
Press: ? - help, Shift-Dir - straight line, f/p - Edmund
Aim: Edmund, wielding a +1 vorpal flail and wearing a +2 ring mail of cold resistance (moderately wounded, 85% to hit)
You feel a surge of power!
The searing ray hits Edmund.
Edmund is moderately wounded. (Press . to maintain the ray.) Unknown command.
The searing ray hits Edmund but does no damage.
Edmund is moderately wounded.
Edmund says, "People will remember me!
They'll remember me and die!"
The searing ray hits Edmund!
Edmund is heavily wounded.
The searing ray hits Edmund but does no damage.
Edmund is heavily wounded.
You finish channelling your searing ray.
Edmund says, "You wouldn't believe how much I paid for this flail."
Edmund hits you with a +1 vorpal flail!
Aiming: Throw Flame
Press: ? - help, Shift-Dir - straight line, f/p - Edmund
Aim: Edmund, wielding a +1 vorpal flail and wearing a +2 ring mail of cold resistance (heavily wounded, 72% to hit)
The puff of flame hits Edmund but does no damage.
Edmund is heavily wounded.
Edmund hits you with a +1 vorpal flail!
* * * LOW HITPOINT WARNING * * *
Unknown command.
It was a potion of attraction.
You feel attractive to monsters. Edmund hits you with a +1 vorpal flail!
You die...

.... ....#
#......#
###........#
##...........
##............##
..(.
###.........
#@.## ++#
.#........#
#@.## ..
.........#
##..## #.#
#.......#
###..)## ..#
#......##
#.....)##.#
#....###
#......#.)..#
....##
#.......##..##
...##
.......####.)##
....## #...)..#
###.## .....##
##....## ##.##


You could see Edmund.

Vanquished Creatures
  Blork the orc (D:4)
  A hound (D:2)
  2 orc priests (D:3)
  Ijyb (D:4)
  2 orc wizards
  6 adders
  An adder skeleton (D:4)
  2 worms
  3 dart slugs
  15 orcs
  2 endoplasms
  2 goblins
  6 hobgoblins
  3 jackals
  2 quokkas
  4 ball pythons
  6 bats
  4 frilled lizards
  8 kobolds
  21 rats
92 creatures vanquished.

Notes
Turn   | Place    | Note
-------+----------+-------------------------------------------
     0 | D:1      | gruber the Octopode Conjurer began the quest for the Orb.
     0 | D:1      | Reached XP level 1. HP: 11/11 MP: 3/3
   442 | D:1      | Reached XP level 2. HP: 15/17 MP: 1/5
  1003 | D:1      | Found a faded altar of an unknown god.
  1061 | D:1      | Found Cibedaer's Jewellery Shoppe.
  1072 | D:1      | Reached XP level 3. HP: 21/21 MP: 3/6
  1387 | D:2      | Reached skill level 5 in Conjurations
  1856 | D:2      | Reached XP level 4. HP: 27/27 MP: 0/7
  2454 | D:3      | Reached skill level 6 in Conjurations
  2454 | D:3      | Reached XP level 5. HP: 24/31 MP: 4/8
  2917 | D:3      | Found a hazy altar of Hepliaklqana.
  3343 | D:4      | Learned a level 2 spell: Searing Ray
  3347 | D:4      | Learned a level 3 spell: Dazzling Flash
  3439 | D:4      | Reached skill level 7 in Conjurations
  3525 | D:4      | Reached XP level 6. HP: 36/36 MP: 3/9
  3721 | D:4      | Noticed Blork the orc
  3726 | D:4      | Killed Blork the orc
  3817 | D:4      | Found a glowing golden altar of the Shining One.
  3866 | D:4      | Noticed Edmund
  3884 | D:4      | Noticed Ijyb
  3890 | D:4      | Killed Ijyb
  4295 | D:4      | Found a runed translucent gate.
  4295 | D:4      | Found a runed translucent gate.
  4314 | D:4      | Slain by Edmund

Illustrated notes

Levels and vault maps discovered:
D:1:      dpeg_chamrin_arrival_tetris, layout_loops_ring, serial_shops,
          nicolae_shop_stone, basic_ecumenical_altar
D:2:      layout_rooms
D:3:      layout_basic, overflow_temple_1_default
D:4:      layout_cave_pods, chei_slow_surprise, tso_oasis_becter,
          ebering_ghost_rock_garden, portal_sewer_entry_c, minmay_rat_hole,
          uniq_ijyb, uniq_blork_the_orc, uniq_edmund

Skill      XL: |  1  2  3  4  5 |
---------------+----------------+-----
Conjurations   | 5 6 7 |  7.9
Dodging        | |  2.0
Stealth        | |  2.6
Spellcasting   | |  2.0

Action                   |  1- 3 |  4- 6 || total
-------------------------+-------+-------++-------
Melee: Unarmed           |     8 |       ||     8
       Constrict         |     3 |     3 ||     6
       Tentacles         |     2 |       ||     2
       Staff             |     2 |    12 ||    14
 Cast: Magic Dart        |    59 |   106 ||   165
       Searing Ray       |       |     4 ||     4
Evoke: Wand              |       |     1 ||     1
  Use: Potion            |       |     1 ||     1
 Stab: Sleeping          |     1 |     1 ||     2
Armor: Skin              |       |     1 ||     1
Dodge: Dodged            |     7 |    13 ||    20

Table legend: (Time is in decaauts)
 A = Elapsed time spent in this place.
 B = Non-inter-level travel time spent in this place.
 C = Inter-level travel time spent in this place.
 D = Time resting spent in this place.
 E = Time spent auto-exploring this place.
 F = Levels seen in this place.
 G = Mean time per level.
                   A        B        C        D        E       F      G
               +--------+--------+--------+--------+--------+-----+--------+
         Total |   4316 |   4225 |     91 |    176 |   3561 |   4 | 1079.0 |
       Dungeon |   4316 |   4225 |     91 |    176 |   3561 |   4 | 1079.0 |
               +--------+--------+--------+--------+--------+-----+--------+

Top non-repeatable levels by time:
     D:1: 1380 daAuts
     D:3: 1047 daAuts
     D:4: 979 daAuts
     D:2: 908 daAuts
